 Dungeon Crawl Stone Soup version 0.32-a0-571-gec57dfcd37 (webtiles) character file.

Game seed: 12926198377325483508

30 lunkers the Sneak (level 3, 0/27 HPs)
             Began as a Coglin Brigand on Feb 29, 2024.
             Splashed by a jelly's acid (4 damage)
             ... on level 2 of the Dungeon.
             The game lasted 00:00:54 (1172 turns).

lunkers the Sneak (Coglin Brigand)                  Turns: 1172, Time: 00:00:54

Health: 0/27       AC: -5    Str: 13    XL:     3   Next: 18%
Magic:  3/3        EV: 11    Int: 10    God:
Gold:   70         SH:  0    Dex: 15    Spells: 2/2 levels left

rFire   . . .        a - +2 dagger {Latda}
rCold   . . .        f - +0 dagger {Muriel}
rNeg    . . .        b - +0 robe
rPois   .            (no helmet)
rElec   .            c - +0 cloak
rCorr   .            (no gloves)
SInv    .            (no boots)
Will    .....        (amulet unavailable)
Stlth   ++           (ring unavailable)
HPRegen 0.24/turn    (ring unavailable)
MPRegen 0.08/turn    (no gizmo)

%: no passive effects
@: corroded, revving
A: off-hand wielding, slow wielding, warmup strikes, no jewellery
a: Invent Gizmo


You were on level 2 of the Dungeon.
You visited 1 branch of the dungeon, and saw 2 of its levels.

You collected 70 gold pieces.

Inventory:

Hand Weapons
 a - a +2 dagger (weapon) {Latda}
 f - a +0 dagger (offhand) {Muriel}
Missiles
 d - 9 poisoned darts
 e - 3 curare-tipped darts
Armour
 b - a +0 robe (worn)
 c - a +0 cloak (worn)
Scrolls
 h - a scroll of amnesia {unknown}
 j - a scroll of identify {unknown}
Potions
 g - a potion of ambrosia {unknown}
 i - a potion of might {unknown}


   Skills:
 - Level 2.0 Fighting
 + Level 3.2 Short Blades
 - Level 1.7 Throwing
 - Level 0.8 Dodging
 - Level 3.2 Stealth


You had 2 spell levels left.
You didn't know any spells.
Your spell library was empty.

Dungeon Overview and Level Annotations

Branches:
Dungeon (2/15)

Altars:


Innate Abilities, Weirdness & Mutations

You can wield a second weapon in your off-hand.
It takes a long time for you to wield or remove held weapons.
Your first few attacks do less damage.
You cannot equip rings or amulets.


Message History

The ribbon worm is severely wounded.
You hit the ribbon worm but do no damage.
The ribbon worm barely misses you.
You hit the ribbon worm but do no damage.
The ribbon worm is heavily wounded.
You hit the ribbon worm with your +0 dagger.
You hit the ribbon worm but do no damage.
The ribbon worm is severely wounded.
You hit the ribbon worm but do no damage.
The ribbon worm bites you!
* * * LOW HITPOINT WARNING * * *
You hit the ribbon worm with your +2 dagger.
The ribbon worm is severely wounded.
You hit the ribbon worm with your +0 dagger.
The ribbon worm bites you.
* * * LOW HITPOINT WARNING * * *
You hit the ribbon worm with your +0 dagger.
The ribbon worm is almost dead.
You hit the ribbon worm with your +2 dagger.
You kill the ribbon worm!
A jelly comes into view.
A jelly is nearby!
A jelly is nearby!
The jelly quivers.
You completely miss the jelly with your +0 dagger.
You hit the jelly with your +2 dagger. The acid corrodes you!
Your graspers burn!
You hit the jelly but do no damage.
Your graspers burn!
The jelly is moderately wounded.
You hit the jelly with your +0 dagger. The acid corrodes you!
Your graspers burn!
The jelly hits you.
* * * LOW HITPOINT WARNING * * *
You are splashed with acid!
* * * LOW HITPOINT WARNING * * *
You aren't carrying any items that you can evoke.
You hit the jelly but do no damage.
Your graspers burn!
* * * LOW HITPOINT WARNING * * *
The jelly is heavily wounded.
You hit the jelly but do no damage.
Your graspers burn!
You die...

####.[ ##. #. #. #+# #.
#.# #. #.# ##
#.###########.##
......J@...#...##
#.#.#....#......########
#.###............... ...
#..##.###.###### #.#
#..##.# #.# #. .......#
#.# # ###.##### #.# #..
..# ## ###


You could see a jelly.

Vanquished Creatures
  A ribbon worm (D:2)
  2 dart slugs (D:1)
  2 endoplasms (D:1)
  2 giant cockroaches (D:1)
  A goblin (D:1)
  2 hobgoblins (D:1)
  2 jackals (D:1)
  A quokka (D:2)
  A ball python (D:1)
  2 bats (D:1)
  3 frilled lizards
  2 kobolds (D:1)
  A rat (D:2)
22 creatures vanquished.

Notes
Turn   | Place    | Note
-------+----------+-------------------------------------------
     0 | D:1      | lunkers the Coglin Brigand began the quest for the Orb.
     0 | D:1      | Reached XP level 1. HP: 16/16 MP: 1/1
   172 | D:1      | Reached XP level 2. HP: 21/22 MP: 2/2
   748 | D:1      | Reached XP level 3. HP: 26/27 MP: 3/3
   844 | D:1      | Found a faded altar of an unknown god.
  1172 | D:2      | Splashed by a jelly's acid

Illustrated notes

Levels and vault maps discovered:
D:1:      nzn_arrival_water_spiral, layout_loops_ring,
          shapermc_ecumenical_altar_acropolis, chequers_serial_rivers_large_b,
          chequers_serial_rivers_micro_c
D:2:      minmay_general_purpose_star, layout_loops_corners,
          serial_bayou_crossing

Skill      XL: |  1  2 |
---------------+-------+-----
Short Blades   | 2 3 |  3.2
Fighting       | |  2.0
Throwing       | |  1.7
Dodging        | |  0.8
Stealth        | |  3.2

Action                     || total
---------------------------++-------
  Melee: Dagger            ||   100
   Stab: Sleeping          ||     5
         Distracted        ||     1
 Armour: Robe              ||    24
  Dodge: Dodged            ||    32

Table legend: (Time is in decaauts)
 A = Elapsed time spent in this place.
 B = Non-inter-level travel time spent in this place.
 C = Inter-level travel time spent in this place.
 D = Time resting spent in this place.
 E = Time spent auto-exploring this place.
 F = Levels seen in this place.
 G = Mean time per level.
                   A        B        C        D        E       F      G
               +--------+--------+--------+--------+--------+-----+--------+
         Total |   1202 |   1169 |     33 |      0 |   1032 |   2 |  601.0 |
       Dungeon |   1202 |   1169 |     33 |      0 |   1032 |   2 |  601.0 |
               +--------+--------+--------+--------+--------+-----+--------+

Top non-repeatable levels by time:
     D:1: 904 daAuts
     D:2: 297 daAuts
